 Dungeon Crawl Stone Soup version 0.21-a0-72-gbbb65ab (webtiles) character file.

18481 xgamer67 the Severer (level 12, -1/114 HPs)
             Began as a Deep Dwarf Fighter on June 20, 2017.
             Was a High Priest of Makhleb.
             Slain by an orc knight
             ... wielding a +0 long sword
              (4 damage)
             ... while paralysed by an orc sorcerer
             ... on level 2 of the Orcish Mines.
             The game lasted 00:31:45 (4299 turns).

xgamer67 the Severer (Deep Dwarf Fighter)           Turns: 4299, Time: 00:31:45

Health: -1/114     AC:  5    Str: 24    XL:     12   Next: 28%
Magic:  8/8        EV:  2    Int: 10    God:    Makhleb [*****.]
Gold:   910        SH:  0    Dex: 18    Spells: 11/11 levels left

rFire    . . .     SeeInvis .   a - +2 war axe (vamp)
rCold    . . .     Gourm    .   c - +0 shield
rNeg     + . .     Faith    .   v - +3 plate armour {rN+}
rPois    .         Spirit   .   D - +1 hat
rElec    .         Reflect  .   e - +0 cloak
rCorr    .         Harm     .   (no gloves)
MR       +....                  i - +0 pair of boots
Stlth    ..........             b - amulet of magic regeneration
HPRegen  0.00/turn              A - +6 ring of dexterity
MPRegen  0.36/turn              h - +4 ring of evasion

@: paralysed, corroded, non-regenerating, drained
A: damage resistance, heal wounds, sense surroundings 2, no regeneration
a: Heal Wounds, Minor Destruction, Lesser Servant of Makhleb, Major Destruction,
Greater Servant of Makhleb, Renounce Religion


You were on level 2 of the Orcish Mines.
You worshipped Makhleb.
Makhleb was extremely pleased with you.
You were not hungry.

You visited 3 branches of the dungeon, and saw 17 of its levels.

You collected 910 gold pieces.

Inventory:

Hand Weapons
 a - a +2 vampiric war axe (weapon)
 r - a +0 battleaxe
 F - a +0 executioner's axe
Missiles
 m - 6 javelins (quivered)
Armour
 c - a +0 shield (worn)
 e - a +0 cloak (worn)
 i - a +0 pair of boots (worn)
 t - the +2 chain mail "Wexkae" {Str+2, unknown}
   (You found it on level 13 of the Dungeon)

   It affects your strength (+2).
 v - a +3 plate armour of positive energy (worn)
 D - a +1 hat (worn)
Jewellery
 b - an amulet of magic regeneration (around neck)
 h - a +4 ring of evasion (right hand)
 A - a +6 ring of dexterity (left hand)
Wands
 p - a wand of iceblast (4/15)
 s - a wand of scattershot (4/9)
 y - a wand of random effects (29/48)
 K - a wand of flame (17/48)
Scrolls
 g - 3 scrolls of teleportation
 k - 4 scrolls of remove curse
Potions
 d - a potion of might
 j - a potion of lignification {unknown}
 l - a potion of agility {unknown}
 E - 3 potions of brilliance
 G - 2 potions of resistance
 I - 4 potions of degeneration
 J - a potion of ambrosia {unknown}
Books
 w - a book of Power

   Spells                             Type                      Level
   a - Iskenderun's Battlesphere      Conjuration/Charms           5
   b - Venom Bolt                     Conjuration/Poison           5
   c - Bolt of Magma                  Conjuration/Fire/Earth       5
   d - Iron Shot                      Conjuration/Earth            6
   e - Orb of Destruction             Conjuration                  7
   f - Spellforged Servitor           Conjuration/Summoning        7
Comestibles
 f - 4 bread rations
 u - a meat ration
 C - 3 royal jellies
 H - 5 fruits


   Skills:
 - Level 9.0(8.7) Fighting
 - Level 16.0(15.6) Axes
 + Level 11.0(10.7) Armour
 - Level 3.2(3.0) Shields


You had 11 spell levels left.
You didn't know any spells.

Dungeon Overview and Level Annotations

Branches:
Dungeon (14/15)            Temple (1/1) D:4            Lair (0/6) D:9
    Orc (2/2) D:12
    Elf: Orc:2       Vaults: D:13-14

Altars:
Ashenzari
Cheibriados
Dithmenos
Makhleb
Qazlal
Sif Muna
Vehumet
Wu Jian
Beogh

Shops:
D:8 %   D:10 %   Orc:2 (


Innate Abilities, Weirdness & Mutations

You are resistant to damage.
You can heal yourself by infusing magical energy.
You passively map the area around you.
You do not regenerate.


Message History

* * * LOW HITPOINT WARNING * * *
The orc sorcerer gestures at you while chanting.
You suddenly lose the ability to move!
The rust devil disappears in a puff of smoke!
The hellwing hits you!
* * * LOW HITPOINT WARNING * * *
The hellwing hits you but does no damage.
The hellwing disappears in a puff of smoke!
The orc knight hits you but does no damage.
The orc sorcerer casts a spell at you. You resist with almost no effort.
The orc knight hits you with a long sword!
* * * LOW HITPOINT WARNING * * *
The orc knight hits you with a long sword!
* * * LOW HITPOINT WARNING * * *
The orc sorcerer completely misses you.
The orc sorcerer no longer looks unusually strong.
The orc sorcerer hits you with a dagger.
The orc knight hits you with a long sword!
You die...

...............................
........................)....._
.....................))........
......................)8.......
........o............#####.....,
...#...................# .... ,
..#........#......o...##,,,*...
, ...........#....oo...## *
,..,, ............#...@4..## ,*
* . .o.o................# ∩
.o.#...........##...#* ,
..####.........#...## **,
.).##.#.........#.## ##...,
#......#.......#### ##....
##.#...........## ### #....#*
##......##.....# *##..###....##.
##..#..........##.#.............


You could see an orc knight, an ice devil, an orc sorcerer and an orc warrior.

Vanquished Creatures
  Gastronok (D:9)
  An orc warlord (Orc:1)
  A hydra (D:12)
  A two-headed ogre (D:10)
  An orc high priest (Orc:2)
  2 orc knights (Orc:2)
  2 orc sorcerers
  An ugly thing (D:13)
  A gargoyle (D:10)
  3 trolls
  A hornet (D:11)
  22 yaks
  A vampire (D:14)
  3 wyverns
  A wraith (D:13)
  A hungry ghost (D:12)
  Edmund (D:5)
  2 wargs (Orc:2)
  A sky beast (D:6)
  8 ogres
  15 orc warriors
  A necrophage (D:9)
  3 phantoms
  9 centaurs
  A crocodile (D:12)
  2 big kobolds
  3 bullfrogs
  A water moccasin zombie (D:8)
  4 scorpions
  A water moccasin skeleton (D:6)
  2 troll zombies (D:12)
  5 killer bees (D:8)
  4 wights (D:6)
  A howler monkey (D:6)
  A crimson imp (D:9)
  3 hounds
  A jelly (D:5)
  12 orc priests
  17 orc wizards
  A bullfrog skeleton (D:11)
  2 iguanas
  2 centaur skeletons
  6 worker ants
  6 ogre zombies (D:12)
  A hound skeleton (D:8)
  10 gnolls
  5 adders
  2 shadow imps
  2 oozes
  An adder skeleton (D:8)
  2 worms (D:2)
  A leopard gecko (D:5)
  48 orcs
  2 giant cockroaches
  4 goblins
  2 hobgoblins
  3 jackals (D:10)
  A quokka (D:8)
  A ball python (D:6)
  4 bats
  A frilled lizard (D:1)
  A goblin skeleton (D:12)
  5 goblin zombies (D:12)
  A hobgoblin skeleton (D:12)
  5 hobgoblin zombies (D:12)
  24 kobolds
  4 orc skeletons (D:12)
  8 orc zombies (D:12)
  A quokka skeleton (D:9)
  A quokka zombie (D:9)
  6 rats
  4 plants (D:9)
308 creatures vanquished.

Vanquished Creatures (others)
  An orc (Orc:1)
1 creature vanquished.

Grand Total: 309 creatures vanquished

Notes
Turn   | Place    | Note
-------+----------+-------------------------------------------
     0 | D:1      | xgamer67 the Deep Dwarf Fighter began the quest for the Orb.
     0 | D:1      | Reached XP level 1. HP: 20/20 MP: 1/1
   149 | D:2      | Reached skill level 3 in Axes
   149 | D:2      | Reached XP level 2. HP: 27/27 MP: 2/2
   173 | D:2      | Found a faded altar of an unknown god.
   202 | D:2      | Reached skill level 4 in Axes
   202 | D:2      | Reached XP level 3. HP: 26/33 MP: 3/3
   342 | D:3      | Reached XP level 4. HP: 31/40 MP: 4/4
   371 | D:3      | Reached skill level 5 in Axes
   402 | D:3      | Reached XP level 5. HP: 32/46 MP: 4/4
   411 | D:3      | Found a stormy altar of Qazlal.
   428 | D:3      | Reached skill level 6 in Axes
   455 | D:3      | Found a shadowy altar of Dithmenos.
   599 | D:3      | Found a snail-covered altar of Cheibriados.
   690 | D:5      | Entered Level 5 of the Dungeon
   694 | D:5      | Reached skill level 7 in Axes
   694 | D:5      | Reached XP level 6. HP: 38/55 MP: 5/5
   748 | D:4      | Found a staircase to the Ecumenical Temple.
   759 | Temple   | Entered the Ecumenical Temple
   765 | Temple   | Became a worshipper of Makhleb the Destroyer
   841 | D:5      | Noticed Edmund
   860 | D:5      | Killed Edmund
   860 | D:5      | Reached skill level 8 in Axes
   889 | D:5      | Reached XP level 7. HP: 46/61 MP: 6/6
  1038 | D:6      | Reached skill level 9 in Axes
  1230 | D:6      | Reached skill level 10 in Axes
  1248 | D:6      | Reached * piety under Makhleb
  1248 | D:6      | Reached XP level 8. HP: 44/68 MP: 7/7
  1631 | D:8      | Reached skill level 11 in Axes
  1656 | D:8      | Reached skill level 12 in Axes
  1670 | D:8      | Gained mutation: You passively map the area around you. [Deep Dwarf growth]
  1670 | D:8      | Reached XP level 9. HP: 51/74 MP: 8/8
  1679 | D:8      | Reached skill level 13 in Axes
  1705 | D:8      | Found Happ's Food Emporium.
  1999 | D:9      | Reached ** piety under Makhleb
  2255 | D:10     | Entered Level 10 of the Dungeon
  2428 | D:9      | Found an ornate altar of the Wu Jian Council.
  2429 | D:9      | Noticed Gastronok
  2457 | D:9      | Killed Gastronok
  2457 | D:9      | Reached skill level 14 in Axes
  2457 | D:9      | Reached skill level 5 in Armour
  2457 | D:9      | Reached XP level 10. HP: 87/87 MP: 9/9
  2473 | D:9      | Found a staircase to the Lair.
  2539 | D:8      | Reached skill level 5 in Fighting
  2773 | D:10     | Noticed a two-headed ogre
  2783 | D:10     | Killed a two-headed ogre
  2862 | D:10     | Reached *** piety under Makhleb
  2866 | D:10     | Noticed a gargoyle
  2875 | D:10     | Killed a gargoyle
  2875 | D:10     | Reached skill level 15 in Axes
  2905 | D:10     | Found Fesifream's Food Shoppe.
  2982 | D:11     | Reached XP level 11. HP: 92/99 MP: 10/10
  3320 | D:13     | Noticed a white ugly thing
  3332 | D:13     | Killed a white ugly thing
  3375 | D:13     | Got a diamond-encrusted chain mail
  3390 | D:12     | Noticed a six-headed hydra
  3392 | D:12     | Killed a six-headed hydra
  3419 | D:12     | Reached **** piety under Makhleb
  3445 | D:12     | Found a staircase to the Orcish Mines.
  3518 | Orc:1    | Entered Level 1 of the Orcish Mines
  3518 | Orc:1    | Noticed an orc warlord
  3518 | Orc:1    | Noticed an orc sorcerer
  3535 | Orc:1    | Killed an orc warlord
  3536 | Orc:1    | Killed an orc sorcerer
  3617 | Orc:1    | Reached ***** piety under Makhleb
  3893 | Orc:2    | Entered Level 2 of the Orcish Mines
  3899 | Orc:2    | Noticed an orc knight
  3928 | Orc:2    | Killed an orc knight
  3928 | Orc:2    | Reached skill level 16 in Axes
  3928 | Orc:2    | Reached skill level 10 in Armour
  3981 | Orc:2    | Found Olegannush's Weapon Shop.
  3996 | Orc:2    | Reached XP level 12. HP: 112/112 MP: 11/11
  4051 | Orc:2    | Noticed an orc high priest
  4066 | Orc:2    | Killed an orc high priest
  4083 | Orc:2    | Noticed an orc warlord
  4269 | Orc:2    | Found a roughly hewn altar of Beogh.
  4294 | Orc:2    | Paralysed by an orc sorcerer for 6 turns
  4298 | Orc:2    | HP: 3/114 [orc knight/long sword (14)]
  4299 | Orc:2    | Slain by an orc knight

Vault maps used:
D:1:      dpeg_arrival_houses_and_road
D:2:      chequers_ecumenical_altar_simple_redux, first_bread,
          okawaru_metal_pillars_1_2
D:3:      nicolae_dithmenos_through_a_glass_darkly, overflow_temple_1_default,
          cheibriados_altar_1, minmay_misc_feat_secret_circle,
          serial_bayou_pond_a
D:4:      minmay_temple_entry_glassed_door
D:5:      uniq_edmund
D:6:      portal_sewer_entry_b
D:7:      overflow_temple_1_default, tso_metal_star,
          lightli_bailey_entry_fortress, basic_altar
D:8:      serial_shops, nicolae_shop_trees, shop_statue, shop,
          nicolae_shop_waterfront
D:9:      kennysheep_kobold_camp, old_standard_altar, lair_entry_dummy,
          uniq_gastronok
D:10:     serial_shops, nicolae_shop_statue_plus
D:11:     blue_anna_alchemist, hive_lemuel
D:12:     erik_rubicon_a, zombieorc2_lemuel, basic_altar, uniq_frances
D:13:     uniq_urug
D:14:     david_vaults_4, minmay_misc_feat_iff, uniq_nessos
Temple:   eino_temple_rhombus
Orc:1:    nicolae_orc_damp_corner
Orc:2:    grunt_orc_cross, serial_shops, shop_statue

Skill      XL: |  1  2  3  4  5  6  7  8  9 10 11 12 |
---------------+-------------------------------------+-----
Axes           | 3 4 5 7 8 10 12 14 15 16 | 16.0
Fighting       | 4 6 8 9 |  9.0
Armour         | 5 7 10 11 | 11.0
Shields        | |  3.2

Action                   |  1- 3 |  4- 6 |  7- 9 | 10-12 || total
-------------------------+-------+-------+-------+-------++-------
Melee: War axe           |    84 |   106 |   398 |   494 ||  1082
 Abil: Heal Wounds       |     1 |     5 |     1 |     8 ||    15
Evoke: Wand              |       |       |       |     2 ||     2
  Use: Scroll            |       |       |       |    13 ||    13
       Potion            |       |       |       |     1 ||     1
  Eat: Chunk             |       |       |     6 |     9 ||    15
       Bread ration      |       |       |     1 |       ||     1
Armor: Scale mail        |    37 |    19 |       |       ||    56
       Plate armour      |       |    10 |   188 |   245 ||   443
Dodge: Dodged            |    21 |    27 |    53 |   128 ||   229
Block: Shield            |    41 |    53 |   163 |   241 ||   498
